 Dungeon Crawl Stone Soup version 0.28-b1-25-g9875b3fc8c (webtiles) character file.

Game seed: 619569859527601241

11804 murtidash the Schismatic (level 12, -31/83 HPs)
             Began as a Formicid Abyssal Knight on Feb 1, 2022.
             Was an Elder of Lugonu.
             Hit by a large rock thrown by a cyclops (34 damage)
             ... on level 11 of the Dungeon on Feb 2, 2022.
             The game lasted 00:26:38 (14991 turns).

murtidash the Schismatic (Formicid Abyssal Knight) Turns: 14991, Time: 00:26:38

Health: -31/83     AC: 15    Str: 21    XL:     12   Next: 12%
Magic:  22/22      EV:  6    Int: 17    God:    Lugonu [****..]
Gold:   454        SH:  4    Dex: 11    Spells: 11/11 levels left

rFire   + . .      SeeInvis +   b - +10 spear "Entephaq" {flame, rC+ SInv}
rCold   + . .      Faith    .   w - +0 buckler
rNeg    . . .      Spirit   .   l - +1 plate armour
rPois   +          Reflect  .   (helmet unavailable)
rElec   .          Harm     .   e - +0 cloak "Yduzan" {rPois Str-4 Int+7 Stlth-}
rCorr   .          Rampage  .   q - +0 pair of gloves
Will    ++...                   (no boots)
Stlth   ..........              p - amulet of regeneration {+regen, !d}
HPRegen 1.03/turn               A - ring of protection from fire {rF+, !d}
MPRegen 0.18/turn               F - ring of willpower

@: no status effects
A: permanent stasis, dig shafts and tunnels, antennae 3, four strong arms,
talons 1, strong 1, subdued magic 1
a: Dig, Shaft Self, Renounce Religion, Depart the Abyss, Bend Space, Banish,
Corrupt


You were on level 11 of the Dungeon.
You worshipped Lugonu.
Lugonu was greatly pleased with you.
You visited 1 branch of the dungeon, and saw 11 of its levels.
You visited the Abyss 1 time.
You also visited: Ossuary.

You collected 826 gold pieces.
You spent 372 gold pieces at shops.

Inventory:

Hand Weapons
 a - a +0 vorpal battleaxe
   (You found it on level 11 of the Dungeon)
 b - the +10 spear "Entephaq" (weapon) {flame, rC+ SInv}
   (You bought it in a shop on level 5 of the Dungeon)

   It burns those it strikes, dealing additional fire damage.
   rC:        It protects you from cold.
   SInv:      It lets you see invisible.
Armour
 e - the +0 cloak "Yduzan" (worn) {rPois Str-4 Int+7 Stlth-}
   (You found it on level 5 of the Dungeon)

   Str:       It affects your strength (-4).
   Int:       It affects your intelligence (+7).
   rPois:     It protects you from poison.
   Stlth:     It makes you less stealthy.
 h - a +1 cloak of willpower
   (You took it off Maurice on level 8 of the Dungeon)
 l - a +1 plate armour (worn)
   (You found it on level 2 of the Dungeon)
 q - a +0 pair of gloves (worn)
   (You found it on level 4 of the Dungeon)
 u - a +0 leather armour
 w - a +0 buckler (worn)
   (You found it on level 10 of the Dungeon)
 x - a +0 kite shield
   (You found it on level 10 of the Dungeon)
 D - a +0 troll leather armour {regen}
   (You found it on level 11 of the Dungeon)
Jewellery
 o - an amulet of faith {Faith, !P}
   (You found it on level 8 of the Dungeon)
 p - an amulet of regeneration (around neck) {+regen, !d}
   (You found it on level 11 of the Dungeon)
 A - a ring of protection from fire (left hand) {rF+, !d}
   (You found it on level 8 of the Dungeon)
 F - a ring of willpower (right hand)
   (You found it on level 11 of the Dungeon)
Wands
 c - a wand of polymorph (5)
   (You took it off an orc on level 7 of the Dungeon)
 i - a wand of digging (6)
   (You took it off an orc on level 7 of the Dungeon)
 y - a wand of paralysis (6)
   (You took it off Maurice on level 8 of the Dungeon)
 G - a wand of iceblast (5)
   (You found it on level 11 of the Dungeon)
 H - a wand of charming (5)
   (You found it on level 11 of the Dungeon)
Scrolls
 d - 3 scrolls of identify {@r1}
 g - a scroll of vulnerability {!r!r}
 j - 5 scrolls of enchant weapon
 m - 4 scrolls of fear
 n - 3 scrolls of torment {!r}
 t - a scroll of amnesia
Potions
 f - 2 potions of heal wounds
 k - 2 potions of curing
 r - a potion of resistance
 s - 2 potions of brilliance
 v - a potion of might {unknown}
 z - 2 potions of magic
 B - a potion of cancellation {unknown}
 C - a potion of flight {unknown}
 E - a potion of lignification {unknown}


   Skills:
 - Level 3.7 Fighting
 * Level 13.8 Axes
 + Level 3.9 Armour
 - Level 0.8 Dodging
 + Level 3.3 Shields
 - Level 13.8 Invocations


You had 11 spell levels left.
You didn't know any spells.
Your spell library contained the following spells:

 Spells                   Type           Power      Damage    Failure   Level
 Animate Skeleton         Necr           0%         N/A       100%        1
 Apportation              Tloc           0%         N/A       100%        1
 Slow                     Hex            0%         N/A       100%        1
 Summon Small Mammal      Summ           0%         N/A       100%        1
 Confusing Touch          Hex            0%         N/A       100%        3
 Vampiric Draining        Necr           0%         2d6       100%        3
 Animate Dead             Necr           0%         N/A       100%        4
 Blade Hands              Tmut           0%         N/A       100%        5
 Borgnjor's Vile Clutch   Necr/Erth      0%         N/A       100%        5
 Irradiate                Conj/Tmut      0%         3d13      100%        5
 Iskenderun's Battlesphe  Conj           0%         2d6       100%        5
 Death Channel            Necr           0%         N/A       100%        6
 Iron Shot                Conj/Erth      0%         9d1       100%        6
 Dragon Form              Tmut           0%         N/A       100%        7
 Spellforged Servitor     Conj/Summ      0%         N/A       100%        7


Dungeon Overview and Level Annotations

Branches:
Dungeon (11/15)            Temple (0/1) D:7            Lair (0/6) D:9
Ossuary (visited)
    Orc: D:9-12

Altars:
Cheibriados
Okawaru
Vehumet
Xom

Shops:
D:4 (   D:5 *[:

Annotations:
Abyss:1 Joseph


Innate Abilities, Weirdness & Mutations

You cannot be hasted, slowed, berserked, paralysed or teleported.
You can dig through walls and to a lower floor.
You have a pair of large antennae on your head. (SInv)
Your four strong arms can wield two-handed weapons with a shield.
You have sharp toenails.
Your muscles are strong. (Str +2)
Your spells are a little easier to cast, but a little less powerful.


Message History

Unknown command.
G - a wand of iceblast (5)
H - a wand of charming (5)
You now have 454 gold pieces (gained 20).
An electric eel comes into view.
The +10 spear "Entephaq" {flame, rC+ SInv} bursts into flame!
b - the +10 spear "Entephaq" (weapon)
{flame, rC+ SInv} The electric eel shoots out a bolt of lightning at you!
The bolt of electricity hits you.
You take 2 damage, and have 81/83 hp.
You enter the shallow water.
Moving in this stuff is going to be slow.
Health restored: 83 An electric eel comes into view.
The electric eel shoots out a bolt of lightning at you!
The bolt of electricity hits you!
The electric eel shoots out a bolt of lightning at you!
The bolt of electricity hits you but does no damage.
The bolt of electricity hits you!
You take 19 damage, and have 64/83 hp.
MASSIVE DAMAGE!!
You reach to attack!
Your unstable footing causes you to fumble your attack.
You reach to attack!
You hit the electric eel. You burn the electric eel.
Your unstable footing causes you to fumble your attack.
The electric eel shoots out a bolt of lightning at you!
The bolt of electricity hits the electric eel.
The electric eel completely resists.
The bolt of electricity hits you.
You hear a shout!
You take 3 damage, and have 63/83 hp.
You barely miss the electric eel.
The electric eel shoots out a bolt of lightning at you!
The bolt of electricity hits the electric eel.
The electric eel completely resists.
The bolt of electricity hits you but does no damage.
You puncture the electric eel! You burn the electric eel.
You kill the electric eel!
Lugonu accepts your kill.
A centaur comes into view.
The electric eel shoots out a bolt of lightning at you!
The bolt of electricity hits you!
You take 10 damage, and have 54/83 hp.
The centaur shouts!
The electric eel shoots out a bolt of lightning at you!
The bolt of electricity hits you.
The centaur wields a +0 shortbow.
The centaur shoots an arrow.
The arrow hits you.
You take 8 damage, and have 46/83 hp.
A centaur comes into view.
The centaur shouts!
The electric eel shoots out a bolt of lightning at you!
The bolt of electricity hits you.
The centaur shoots an arrow.
The arrow closely misses you.
A cyclops comes into view.
You take 5 damage, and have 41/83 hp. 2 centaurs come into view.
The centaur shouts!
The cyclops shouts!
The centaur wields a +0 shortbow.
The centaur shoots an arrow.
The arrow hits you.
The electric eel shoots out a bolt of lightning at you!
The bolt of electricity hits you.
You take 2 damage, and have 39/83 hp.
Okay, then.
Unknown command.
Unknown command.
You feel much better.
The centaur shoots an arrow.
The arrow closely misses you.
The centaur wields a +0 shortbow.
The centaur shoots an arrow.
The arrow hits you.
You regained 14 hp, and now have 53/83 hp.
The centaur shoots an arrow.
The arrow hits you!
The centaur shoots an arrow.
The arrow hits you but does no damage.
The electric eel shoots out a bolt of lightning at you!
The bolt of electricity hits you.
A wyvern comes into view.
The centaur wields a +0 shortbow.
The centaur shoots an arrow.
The arrow closely misses you.
The centaur shoots an arrow.
The arrow hits you but does no damage.
The centaur shoots an arrow.
The arrow hits you but does no damage.
You take 11 damage, and have 42/83 hp.
The wyvern hisses angrily.
The centaur shoots an arrow.
You block the arrow.
The centaur shoots an arrow.
The arrow hits you!
The electric eel shoots out a bolt of lightning at you!
The bolt of electricity hits you!
The wyvern hisses menacingly.
The centaur shoots an arrow.
The arrow hits you but does no damage.
The cyclops throws a large rock.
The large rock hits you!!
* * * LOW HITPOINT WARNING * * *
You take 38 damage, and have 4/83 hp.
MASSIVE DAMAGE!!
You feel much better.
The centaur shoots an arrow.
The arrow completely misses you.
The centaur shoots an arrow.
You block the arrow.
The electric eel shoots out a bolt of lightning at you!
The bolt of electricity hits you.
* * * LOW HITPOINT WARNING * * *
The centaur shoots an arrow.
The arrow hits you!
* * * LOW HITPOINT WARNING * * *
The centaur shoots an arrow.
The arrow hits you!
* * * LOW HITPOINT WARNING * * *
The centaur shoots an arrow.
You block the arrow.
The cyclops throws a large rock.
The large rock hits you!!
You die...

#.....................#
.....8≈≈≈≈≈≈≈≈≈8...♣..#
.....≈≈≈≈≈≈≈≈≈≈ccc....#
.....≈≈≈≈≈≈≈≈≈≈≈c..♣..#
.....≈≈≈≈≈≈≈≈≈≈≈......#
.....≈≈≈≈8≈8≈S≈≈...♣..##
.....≈≈≈≈≈⌠≈≈≈≈≈.....C.#
#....≈≈≈≈8≈8≈≈≈≈.$.♣...#
#....≈≈≈≈≈≈≈≈≈≈≈@..l....
..#..≈≈≈≈≈≈≈≈≈≈≈...♣.....
###..≈≈≈≈≈≈≈≈≈≈≈$........
# #..8≈≈≈≈≈≈≈≈≈8...♣.....
# #......................
# ##...).................
####..#..................
...>.##.#................
.....####...>............


You could see a cyclops, a wyvern, 4 centaurs and an electric eel.

Vanquished Creatures
  An elephant (D:9)
  Maurice (D:8)
  An unseen horror (D:11)
  2 trolls (D:11)
  A hornet (D:10)
  A wraith (D:10)
  2 wyverns
  A water elemental (D:11)
  16 yaks
  2 basilisks (D:9)
  A steam dragon (D:9)
  Menkaure (D:7)
  3 water moccasins (D:7)
  A black bear (D:7)
  2 orc warriors
  An ice beast (D:5)
  A sky beast (D:7)
  2 necrophages
  3 ogres
  7 centaurs
  2 phantoms
  A kobold brigand (D:9)
  A gnoll sergeant (D:7)
  A bullfrog (D:7)
  3 scorpions
  4 wyvern zombies
  2 wyvern skeletons (D:7)
  3 jellies
  3 killer bees (D:7)
  13 wights
  2 electric eels (D:11)
  6 centaur zombies
  2 bullfrog zombies
  A bullfrog skeleton (D:7)
  2 orc priests
  A centaur skeleton (D:6)
  4 hounds
  Crazy Yiuf (D:7)
  An iguana (D:7)
  2 orc wizards
  2 killer bee zombies
  A hound skeleton (D:4)
  3 mummies (Ossuary)
  A howler monkey zombie (D:10)
  3 howler monkey skeletons
  4 adders
  A shadow imp (D:6)
  5 white imps
  3 ufetubi
  An adder skeleton (D:4)
  5 adder zombies (Ossuary)
  3 dart slugs
  24 orcs
  9 ball pythons
  5 bats
  8 endoplasms
  3 giant cockroaches
  13 goblins
  3 hobgoblins
  A jackal (D:4)
  12 kobolds
  3 quokkas
  4 frilled lizards
  2 goblin zombies (Ossuary)
  2 hobgoblin zombies (Ossuary)
  5 kobold zombies (Ossuary)
  4 quokka zombies (Ossuary)
  7 rats
242 creatures vanquished.

Vanquished Creatures (others)
  An orc priest (D:9)
  An orc (D:9)
2 creatures vanquished.

Grand Total: 244 creatures vanquished

Notes
Turn   | Place    | Note
-------+----------+-------------------------------------------
     0 | Abyss:1  | murtidash the Formicid Abyssal Knight began the quest for
                  | the Orb.
     0 | Abyss:1  | Reached XP level 1. HP: 18/18 MP: 2/2
    46 | Abyss:2  | Noticed a jelly
    62 | Abyss:3  | Noticed a smoke demon
    63 | D:1      | Escaped the Abyss
   141 | D:1      | Reached XP level 2. HP: 16/25 MP: 3/3
   323 | D:1      | Found a faded altar of an unknown god.
   398 | D:1      | Reached * piety under Lugonu
   526 | D:1      | Reached XP level 3. HP: 26/30 MP: 3/5
  1275 | D:2      | Reached skill level 3 in Axes
  1275 | D:2      | Reached skill level 3 in Invocations
  1432 | D:2      | Reached XP level 4. HP: 32/37 MP: 6/6
  1937 | D:3      | Found a shimmering altar of Xom.
  1946 | D:3      | Found an iron altar of Okawaru.
  2439 | D:4      | Reached ** piety under Lugonu
  2488 | D:4      | Found a large runed translucent door.
  2488 | D:4      | Found a large runed translucent door.
  2684 | D:4      | Noticed a scorpion
  2697 | D:4      | Killed a scorpion
  2698 | D:4      | Reached skill level 4 in Axes
  2698 | D:4      | Reached XP level 5. HP: 29/42 MP: 7/7
  2711 | D:4      | Reached skill level 4 in Invocations
  2987 | D:4      | Found Qiat's Antique Weapon Boutique.
  2996 | D:4      | Bought a runed broad axe for 147 gold pieces
  3016 | D:4      | Reached XP level 6. HP: 48/48 MP: 9/9
  3096 | D:4      | Reached skill level 5 in Axes
  3724 | D:4      | Gained mutation: You sometimes lose the ability to read
                  | scrolls when taking damage. [potion of mutation]
  3733 | D:4      | Found a radiant altar of Vehumet.
  3744 | D:4      | Found a snail-covered altar of Cheibriados.
  3806 | D:5      | Entered Level 5 of the Dungeon
  3891 | D:5      | Found Niubeus's Antique Armour Shoppe.
  3919 | D:5      | Found Wyvauj's Book Emporium.
  3955 | D:5      | Noticed an ice beast
  3962 | D:5      | Killed an ice beast
  3963 | D:5      | Reached skill level 5 in Invocations
  3963 | D:5      | Reached XP level 7. HP: 53/53 MP: 10/10
  4143 | D:5      | Reached skill level 6 in Axes
  4272 | D:5      | Identified the +0 cloak "Yduzan" {rPois Str-4 Int+7 Stlth-}
  4337 | D:5      | Found Above's Assorted Antiques.
  4345 | D:5      | Bought a scroll labelled QEAJARA GEFOQ for 25 gold pieces
  4570 | D:5      | Reached skill level 7 in Axes
  4570 | D:5      | Reached skill level 6 in Invocations
  4570 | D:5      | Reached XP level 8. HP: 28/60 MP: 12/12
  5411 | D:6      | Found a sand-covered staircase.
  5419 | Ossuary  | Entered an ossuary
  5571 | Ossuary  | Reached *** piety under Lugonu
  5622 | Ossuary  | Lost mutation: You sometimes lose the ability to read
                  | scrolls when taking damage. [potion of mutation]
  5622 | Ossuary  | Gained mutation: Your spells are a little easier to cast,
                  | but a little less powerful. [potion of mutation]
  5622 | Ossuary  | Gained mutation: You have sharp toenails. [potion of
                  | mutation]
  5622 | Ossuary  | Gained mutation: Your muscles are strong. (Str +2) [potion
                  | of mutation]
  5882 | D:6      | Reached skill level 8 in Axes
  6079 | D:6      | Reached skill level 7 in Invocations
  6865 | D:6      | HP: 9/60 [orc warrior (8)]
  7276 | D:6      | Reached XP level 9. HP: 61/65 MP: 14/14
  7543 | D:7      | Found a staircase to the Ecumenical Temple.
  7578 | D:7      | Noticed Joseph
  7581 | D:7      | Banished Joseph
  7582 | D:7      | Reached skill level 9 in Axes
  7582 | D:7      | Reached skill level 8 in Invocations
  8057 | D:7      | Noticed a six-headed hydra
  8299 | D:5      | Bought an ivory spear for 200 gold pieces
  8299 | D:5      | Identified the +10 spear "Entephaq" {flame, rC+ SInv} (You
                  | bought it in a shop on level 5 of the Dungeon)
  8358 | D:7      | Banished a six-headed hydra
  8359 | D:7      | Reached skill level 10 in Axes
  8359 | D:7      | Reached skill level 9 in Invocations
  8717 | D:7      | Noticed Menkaure
  8730 | D:7      | Killed Menkaure
  8732 | D:7      | Reached XP level 10. HP: 59/71 MP: 17/17
  8874 | D:7      | Reached skill level 10 in Invocations
  9229 | D:7      | Found a runed translucent door.
  9230 | D:7      | Noticed Crazy Yiuf
  9283 | D:7      | Reached skill level 11 in Axes
  9384 | D:7      | Reached skill level 11 in Invocations
  9678 | D:7      | Killed Crazy Yiuf
  9755 | D:7      | Reached **** piety under Lugonu
 10578 | D:10     | Entered Level 10 of the Dungeon
 10820 | D:9      | Reached skill level 12 in Invocations
 10827 | D:9      | Reached XP level 11. HP: 33/76 MP: 18/20
 11034 | D:9      | Noticed an elephant
 11116 | D:9      | Reached skill level 12 in Axes
 11512 | D:8      | Noticed Maurice
 11532 | D:8      | Killed Maurice
 12109 | D:9      | Found a staircase to the Lair.
 12125 | D:9      | Reached skill level 13 in Invocations
 12184 | D:9      | Killed an elephant
 13239 | D:10     | Reached skill level 13 in Axes
 14526 | D:11     | Reached skill level 1 in Shields
 14653 | D:11     | Noticed a boulder beetle
 14669 | D:11     | Banished a boulder beetle
 14670 | D:11     | Reached skill level 3 in Armour
 14670 | D:11     | Reached skill level 2 in Shields
 14737 | D:11     | Noticed a two-headed ogre
 14750 | D:11     | Reached XP level 12. HP: 40/83 MP: 22/22
 14751 | D:11     | Banished a two-headed ogre
 14752 | D:11     | Reached skill level 3 in Shields
 14990 | D:11     | HP: 4/83 [cyclops/large rock (24)]
 14991 | D:11     | Hit by a large rock thrown by a cyclops

Illustrated notes

Levels and vault maps discovered:
D:1:      wander_arrival_lonely_grave, layout_basic,
          hellmonk_ecumenical_altar_zigzags, minmay_misc_feat_enclosed,
          minmay_vboxes
D:2:      layout_rooms
D:3:      layout_rooms, jmf_multi_god_temple, chequers_jeans,
          minmay_misc_feat_secret_circle, dk_noncrumbling_4
D:4:      layout_gridville, jmf_multi_god_temple2, serial_shops,
          nicolae_shop_stone, item_on_display_a
D:5:      layout_basic, serial_shops, nicolae_shop_overgrown_old_shop,
          shop_statue, nicolae_take_the_stairs, minmay_fountain_box
D:6:      layout_layer_cave, chequers_ossuary_entry_cave, hex_medium,
          grunt_tough_drop
D:7:      minmay_s_stair_smasher, layout_basic, temple_doors_ab,
          uniq_crazy_yiuf_cottage, uniq_menkaure, uniq_joseph
D:8:      layout_rooms, uniq_maurice
D:9:      layout_stronghold, david_lair_generic
D:10:     layout_layer_cave
D:11:     layout_cave_pools, serial_park, serial_park_fountain,
          serial_park_paths [serial_park_minivault_5x5_7], serial_park_tiny_2,
          serial_park_avenue1

Skill      XL: |  1  2  3  4  5  6  7  8  9 10 11 12 |
---------------+-------------------------------------+-----
Axes           | 3 4 5 7 8 10 11 13 | 13.8
Invocations    | 3 4 5 6 7 9 12 13 | 13.8
Shields        | 2 3 |  3.3
Armour         | 3 |  3.9
Fighting       | |  3.7
Dodging        | |  0.8

Action                   |  1- 3 |  4- 6 |  7- 9 | 10-12 || total
-------------------------+-------+-------+-------+-------++-------
Melee: Hand axe          |    88 |    75 |       |       ||   163
       Punch             |     2 |     2 |       |       ||     4
       Broad axe         |       |    47 |   166 |       ||   213
       Kick              |       |       |    26 |   134 ||   160
       Spear             |       |       |     7 |   403 ||   410
       Battleaxe         |       |       |       |    31 ||    31
Invok: Depart the Abyss  |     1 |       |       |       ||     1
       Banish            |       |       |     2 |     2 ||     4
       Bend Space        |       |       |     2 |     1 ||     3
Evoke: Wand              |       |       |       |     3 ||     3
  Use: Potion            |       |     5 |     1 |     3 ||     9
       Scroll            |       |       |    18 |     2 ||    20
 Stab: Paralysed         |       |       |       |     7 ||     7
Armor: Leather armour    |    35 |     1 |       |       ||    36
       Plate armour      |       |    84 |   146 |   184 ||   414
Dodge: Dodged            |    61 |    44 |    64 |    83 ||   252
Block: Buckler           |       |       |       |    22 ||    22

Table legend: (Time is in decaauts)
 A = Elapsed time spent in this place.
 B = Non-inter-level travel time spent in this place.
 C = Inter-level travel time spent in this place.
 D = Time resting spent in this place.
 E = Time spent auto-exploring this place.
 F = Levels seen in this place.
 G = Mean time per level.
                   A        B        C        D        E       F      G
               +--------+--------+--------+--------+--------+-----+--------+
         Total |  14978 |  14273 |    705 |    445 |  11586 |  15 |  998.5 |
       Dungeon |  14700 |  13995 |    705 |    445 |  11485 |  11 | 1336.4 |
         Abyss |     62 |     62 |      0 |      0 |     30 |   3 |   20.7 |
       Ossuary |    215 |    215 |      0 |      0 |     71 |   1 |  215.0 |
               +--------+--------+--------+--------+--------+-----+--------+

Top non-repeatable levels by time:
     D:7: 2189 daAuts
     D:9: 1939 daAuts
     D:6: 1925 daAuts
     D:5: 1860 daAuts
     D:4: 1636 daAuts
    D:10: 1337 daAuts
     D:1: 1064 daAuts
     D:8: 1058 daAuts
     D:2: 694 daAuts
    D:11: 512 daAuts
     D:3: 483 daAuts
 Ossuary: 215 daAuts
 Abyss:2: 26 daAuts
 Abyss:1: 21 daAuts
 Abyss:3: 14 daAuts

Table legend:
 A = Kills in this place as a percentage of kills in entire the game.
 B = Kills by you in this place as a percentage of kills by you in the entire game.
 C = Kills by friends in this place as a percentage of kills by friends in the entire game.
 D = Other kills in this place as a percentage of other kills in the entire game.
 E = Experience gained in this place as a percentage of experience gained in the entire game.
 F = Experience gained in this place divided by the number of levels of this place that you have seen.
                   A       B       C       D       E      F
               +-------+-------+-------+-------+-------+----------------------
         Total | 100.0 | 100.0 |   N/A | 100.0 | 100.0 | 1124.2
       Dungeon |  91.5 |  91.3 |   N/A | 100.0 |  99.4 | 1524.2
       Ossuary |   8.5 |   8.7 |   N/A |   0.0 |   0.6 |  97.0
               +-------+-------+-------+-------+-------+----------------------
